 Dungeon Crawl Stone Soup version 0.29-a0-364-g921d912d32 (webtiles) character file.

Game seed: 3752439691140887698

193 spiderkeys the Skirmisher (level 5, 0/42 HPs)
             Began as a Mummy Abyssal Knight on Apr 30, 2022.
             Was a Priest of Lugonu.
             Slain by an orc
             ... wielding a +0 whip
              (3 damage)
             ... on level 4 of the Dungeon.
             The game lasted 00:03:29 (3085 turns).

spiderkeys the Skirmisher (Mummy Abyssal Knight)    Turns: 3085, Time: 00:03:30

Health: 0/42       AC: 11    Str: 17    XL:     5   Next: 44%
Magic:  7/7        EV: 11    Int: 11    God:    Lugonu [***...]
Gold:   192        SH:  0    Dex: 12    Spells: 4/4 levels left

rFire   x . .      SeeInvis .   s - +0 trident
rCold   + . .      Faith    .   (no shield)
rNeg    + + +      Spirit   .   f - +0 ring mail {rPois}
rPois   ∞          Reflect  .   (no helmet)
rElec   .          Harm     .   (no cloak)
rCorr   .          Rampage  .   h - +1 pair of gloves
Will    .....                   (no boots)
Stlth   +.........              (no amulet)
HPRegen 0.14/turn               O - +4 ring of protection
MPRegen 0.10/turn               (no ring)

@: no status effects
A: cold resistance 1, negative energy resistance 3, torment resistance 2, heat
vulnerability 1, in touch with death 1, no potions
a: Renounce Religion, Depart the Abyss, Bend Space, Banish


You were on level 4 of the Dungeon.
You worshipped Lugonu.
Lugonu was most pleased with you.
You visited 1 branch of the dungeon, and saw 4 of its levels.
You visited the Abyss 1 time.

You collected 192 gold pieces.


Innate Abilities, Weirdness & Mutations

You are immune to poison.
Your flesh is cold resistant. (rC+)
You are immune to negative energy. (rN+++)
You are immune to unholy pain and torment.
You are vulnerable to heat. (rF-)
You are in touch with the powers of death.
You do not drink.


   Skills:
 + Level 4.0 Fighting
 + Level 2.6 Polearms
 - Level 1.5 Armour
 + Level 2.2 Dodging
 + Level 2.8 Invocations


You had 4 spell levels left.
You didn't know any spells.
Your spell library contained the following spells:

 Spells                   Type           Power      Damage    Failure   Level
 Magic Dart               Conj           0%         1d3       54%         1
 Call Imp                 Summ           0%         N/A       67%         2
 Mephitic Cloud           Conj/Pois/Air  0%         N/A       88%         3

Inventory:

Hand Weapons
 a - a +1 spear
 s - a +0 trident (weapon)
   (You found it on level 4 of the Dungeon)
Missiles
 e - 74 stones
 r - 4 javelins
Armour
 b - a +0 leather armour
 d - a +0 leather armour
   (You took it off an orc on level 4 of the Dungeon)
 f - a +0 ring mail of poison resistance (worn)
   (You found it on level 1 of the Dungeon)
 g - a +0 plate armour
   (You found it on level 1 of the Dungeon)
 h - a +1 pair of gloves (worn)
   (You found it on level 1 of the Dungeon)
 i - the +0 leather armour of Magic {rPois Will- Str+4 Dex+2}
   (You found it on level 2 of the Dungeon)

   Str:       It affects your strength (+4).
   Dex:       It affects your dexterity (+2).
   rPois:     It protects you from poison.
   Will:      It decreases your willpower.
 j - a +0 ring mail
   (You took it off an orc on level 4 of the Dungeon)
 k - a +0 scale mail
   (You found it on level 4 of the Dungeon)
 l - a +0 robe
   (You took it off Jessica on level 2 of the Dungeon)
 m - a +0 ring mail
   (You found it on level 2 of the Dungeon)
 o - a +0 scale mail
   (You found it on level 3 of the Dungeon)
 p - a +0 ring mail
   (You found it on level 4 of the Dungeon)
Jewellery
 O - a +4 ring of protection (left hand)
   (You found it on level 1 of the Dungeon)
Scrolls
 c - 2 scrolls of noise {!r}
 n - 3 scrolls of vulnerability {!r!r}
 q - a scroll of identify {@r1}

Dungeon Overview and Level Annotations

Branches:
Dungeon (4/15)
 Temple: D:4-7

Altars:
Uskayaw
The Shining One

# # # # ### #########
..### ##...#...##
#...#######.........##
...............o.....#
.########......o@....#
..## #......)o....#
#..## #...........##
##..# ###..........##
##.# #.......#.####
#.###.#.....#.#
#>..........#.#
###..##.......#.#
........#.....#.#


You could see 3 orcs.


Message History

Your mp is fully restored (7).
There is a stone staircase leading down here.
A giant cockroach comes into view.
A giant cockroach is nearby!
You reach to attack!
You completely miss the giant cockroach.
The giant cockroach bites you but does no damage.
You hit the giant cockroach but do no damage.
The giant cockroach barely misses you.
You hit the giant cockroach but do no damage.
The giant cockroach bites you but does no damage.
You hit the giant cockroach.
The giant cockroach bites you but does no damage.
You hit the giant cockroach but do no damage.
The giant cockroach bites you but does no damage.
You hit the giant cockroach but do no damage.
The giant cockroach completely misses you.
You hit the giant cockroach.
You kill the giant cockroach!
Lugonu accepts your kill.
No target in view!
No target in view!
No target in view!
p - a +0 ring mail
e - 74 stones (gained 16)
q - a scroll of identify {@r1} An orc comes into view.
It is wielding a +0 whip.
The orc shouts!
You hear a shout!
An orc comes into view. It is wielding a +0 flail of draining.
An orc priest comes into view. It is wielding a +0 flail.
There are monsters nearby!
There are monsters nearby!
The orc priest shouts!
You see here a +0 trident.
s - a +0 trident
s - a +0 trident (weapon)
The orc priest mumbles some strange prayers to Beogh against you.
Beogh smites you! 😮 HP[-11]
You take 11 damage, and now have 31/42 hp.
MASSIVE DAMAGE!! (PAUSE) 😕 HP[+1]
You barely miss the orc. The orc misses you.
An orc comes into view. It is wielding a +0 hand axe.
You hit the orc. The orc closely misses you.
The orc hits you with a +0 whip. 😮 HP[-3]
You take 3 damage, and now have 29/42 hp.
Reach: s) +0 trident
Press: ? - help, Dir - move target, f - orc priest
Aim: an orc priest, wielding a +0 flail and wearing a +0 ring mail (about 37% to evade your +0 trident)
The orc is in the way.
You completely miss the orc. The orc closely misses you.
The orc priest calls down the wrath of Beogh upon you.
Beogh smites you!
* * * LOW HITPOINT WARNING * * *
😨 HP[-12]
You take 12 damage, and now have 17/42 hp.
MASSIVE DAMAGE!! (PAUSE) Reach: s) +0 trident
Press: ? - help, Dir - move target, f/p - orc priest
Aim: an orc priest, wielding a +0 flail and wearing a +0 ring mail (about 37% to evade your +0 trident)
You reach to attack!
You hit the orc priest. The orc hits you but does no damage.
The orc misses you.
The orc hits you with a +0 flail of draining.
* * * LOW HITPOINT WARNING * * *
The orc hits you but does no damage.
The orc priest barely misses you. 😨 HP[-5]
You take 5 damage, and now have 12/42 hp.
Reach: s) +0 trident
Press: ? - help, Dir - move target, f/p - orc priest
Aim: an orc priest, wielding a +0 flail and wearing a +0 ring mail (moderately wounded, about 37% to evade your +0 trident)
You hit the orc priest. The orc hits you but does no damage. x2
The orc priest hits you but does no damage.
You hit the orc priest but do no damage.
The orc hits you but does no damage. The orc hits you with a +0 whip.
* * * LOW HITPOINT WARNING * * *
The orc priest completely misses you. 😨 HP[-1]
You take 1 damage, and now have 11/42 hp.
You closely miss the orc priest. The orc closely misses you. x2
The orc priest misses you.
You hit the orc priest. The orc barely misses you.
The orc hits you with a +0 whip.
* * * LOW HITPOINT WARNING * * *
The orc priest closely misses you.
The orc hits you but does no damage. 😱 HP[-3]
You take 3 damage, and now have 8/42 hp.
You barely miss the orc priest.
The orc hits you with a +0 flail of draining.
* * * LOW HITPOINT WARNING * * *
The orc hits you but does no damage. The orc priest barely misses you.
The orc hits you with a +0 hand axe.
* * * LOW HITPOINT WARNING * * *
😱 HP[-5]
You take 5 damage, and now have 3/42 hp.
You hit the orc priest.
You kill the orc priest!
Lugonu accepts your kill. The orc barely misses you.
The orc hits you but does no damage. The orc hits you with a +0 whip.
You die...

Skill      XL: |  1  2  3  4 |
---------------+-------------+-----
Dodging        | 1 2 |  2.2
Invocations    | 2 |  2.8
Polearms       | 2 |  2.6
Fighting       | 4 |  4.0
Armour         | |  1.5

Action                   |  1- 3 |  4- 6 || total
-------------------------+-------+-------++-------
Melee: Spear             |   128 |   103 ||   231
       Punch             |     2 |     1 ||     3
       Trident           |       |    10 ||    10
Invok: Bend Space        |       |     1 ||     1
  Use: Scroll            |       |     7 ||     7
Armor: Ring mail         |    37 |    52 ||    89
Dodge: Dodged            |    43 |    63 ||   106

Levels and vault maps discovered:
D:1:      evilmike_arrival_home_sweet_home, layout_loops_ring,
          wad_floor_pattern_untrapped
D:2:      layout_rooms, shapermc_ecumenical_altar_mp_ritualfount, uniq_jessica
D:3:      layout_basic, nicolae_uskayaw_suspiria, lemuel_flame_loot_1
D:4:      layout_rooms, tso_metal_star

Notes
Turn   | Place    | Note
-------+----------+-------------------------------------------
     0 | Abyss:1  | spiderkeys the Mummy Abyssal Knight began the quest for the
                  | Orb.
     0 | Abyss:1  | Reached XP level 1. HP: 18/18 MP: 2/2
     0 | Abyss:1  | magus.rc [v1.11.3]
    18 | Abyss:1  | Found a corrupted altar of Lugonu.
    53 | D:1      | You pass through the gate.
    53 | D:1      | Escaped the Abyss
   315 | D:1      | Reached skill level 1 in Dodging
   618 | D:1      | Reached XP level 2. HP: 24/24 MP: 3/3
   784 | D:2      | Reached skill level 2 in Invocations
   831 | D:2      | Identified the +0 leather armour of Magic {rPois Will-
                  | Str+4 Dex+2}
   915 | D:2      | You pick up a book of Minor Magic and begin reading...
   915 | D:2      | You add the spells Magic Dart, Call Imp and Mephitic Cloud
                  | to your library.
   954 | D:2      | Reached skill level 2 in Polearms
  1048 | D:2      | Gained mutation: You are in touch with the powers of death.
                  | [Mummy growth]
  1048 | D:2      | Reached XP level 3. HP: 27/29 MP: 4/4
  1083 | D:2      | Noticed Jessica
  1100 | D:2      | Killed Jessica
  1569 | D:2      | Found a faded altar of an unknown god.
  1738 | D:3      | Reached XP level 4. HP: 32/35 MP: 5/5
  2370 | D:3      | Found a hide-covered altar of Uskayaw.
  2684 | D:4      | Reached *** piety under Lugonu
  2945 | D:4      | Noticed a phantom
  2969 | D:4      | Killed a phantom
  2970 | D:4      | Reached skill level 4 in Fighting
  2970 | D:4      | Reached skill level 2 in Dodging
  2970 | D:4      | Reached XP level 5. HP: 42/42 MP: 5/7
  3083 | D:4      | HP: 8/42 [orc/+0 whip (3)]
  3084 | D:4      | HP: 3/42 [orc/+0 hand axe (2)]
  3085 | D:4      | Slain by an orc

Vanquished Creatures
  A phantom (D:4)
  An orc priest (D:4)
  Jessica (D:2)
  3 adders (D:4)
  2 worms (D:2)
  A dart slug (D:2)
  5 orcs (D:4)
  5 bats
  7 endoplasms
  6 giant cockroaches
  3 goblins
  3 hobgoblins
  3 kobolds
  A quokka (D:3)
  2 ball pythons (D:2)
  2 frilled lizards
  5 rats
51 creatures vanquished.

Table legend:
 A = Non-vault XP
 B = Vault XP
 C = Vault XP percentage of total XP
 D = Non-vault monster count
 E = Vault monster count
 F = Vault count percentage of total count
                 A         B        C        D         E       F
            +---------+---------+-------+---------+---------+-------
      Total |     281 |      37 |  11.6 |      50 |       1 |   2.0
            +---------+---------+-------+---------+---------+-------
        D:1 |      12 |       0 |   0.0 |       7 |       0 |   0.0
        D:2 |      42 |      37 |  46.8 |      20 |       1 |   4.8
        D:3 |      18 |       0 |   0.0 |      11 |       0 |   0.0
        D:4 |     209 |       0 |   0.0 |      12 |       0 |   0.0
            +---------+---------+-------+---------+---------+-------

Illustrated notes

Table legend:
 A = Kills in this place as a percentage of kills in entire the game.
 B = Kills by you in this place as a percentage of kills by you in the entire game.
 C = Kills by friends in this place as a percentage of kills by friends in the entire game.
 D = Other kills in this place as a percentage of other kills in the entire game.
 E = Experience gained in this place as a percentage of experience gained in the entire game.
 F = Experience gained in this place divided by the number of levels of this place that you have seen.
                   A       B       C       D       E      F
               +-------+-------+-------+-------+-------+----------------------
         Total | 100.0 | 100.0 |   N/A |   N/A | 100.0 |  63.6
       Dungeon | 100.0 | 100.0 |   N/A |   N/A | 100.0 |  79.5
               +-------+-------+-------+-------+-------+----------------------

Table legend: (Time is in decaauts)
 A = Elapsed time spent in this place.
 B = Non-inter-level travel time spent in this place.
 C = Inter-level travel time spent in this place.
 D = Time resting spent in this place.
 E = Time spent auto-exploring this place.
 F = Levels seen in this place.
 G = Mean time per level.
                   A        B        C        D        E       F      G
               +--------+--------+--------+--------+--------+-----+--------+
         Total |   3094 |   3032 |     62 |      0 |   2563 |   5 |  618.8 |
       Dungeon |   3041 |   2979 |     62 |      0 |   2514 |   4 |  760.2 |
         Abyss |     53 |     53 |      0 |      0 |     49 |   1 |   53.0 |
               +--------+--------+--------+--------+--------+-----+--------+

Top non-repeatable levels by time:
     D:3: 1024 daAuts
     D:2: 935 daAuts
     D:1: 650 daAuts
     D:4: 431 daAuts
 Abyss:1: 53 daAuts
